| TOP OF THE 1ST |
|
Boston Red Sox batting - Pitching for Toronto Blue Jays : LHP Aaron Ashby
|
|
Pitching: LHP Aaron Ashby
|
|
|
Batting: LHB Brendan Donovan
|
0-0: Ball 1-0: Foul Ball, location: 2LF 1-1: Swinging Strike 1-2: Hit by Pitch
|
|
Batting: SHB Jorge Polanco
|
0-0: Called Strike 0-1: DOUBLE (Groundball, 5L, EV 110.0 MPH) Brendan Donovan to third
|
|
Batting: RHB Mike Trout
|
0-0: Called Strike 0-1: Ball 1-1: Swinging Strike 1-2: Foul Ball, location: 9LSF 1-2: Strikes out swinging
|
|
Batting: LHB Nolan Jones
|
0-0: Ball 1-0: Ball 2-0: Ball 3-0: Called Strike 3-1: Ground out 4-3 (Groundball, 4, EV 80.6 MPH)
|
|
Batting: RHB Sean Murphy
|
0-0: Foul Ball, location: 23F 0-1: Ball 1-1: Ball 2-1: Called Strike 2-2: Ball 3-2: SINGLE (Line Drive, 89M, EV 92.5 MPH) Brendan Donovan scores Jorge Polanco to third Runner from 3rd tries for Home, SAFE, throw by CF to home
|
|
Batting: RHB Spencer Torkelson
|
0-0: Called Strike 0-1: Called Strike 0-2: Ball 1-2: Ball 2-2: Foul Ball, location: 3SF 2-2: Strikes out swinging
|
| Top of the 1st over - 2 runs, 2 hits, 0 errors, 1 left on base; Boston 2 - Toronto 0 |
| BOTTOM OF THE 1ST |
|
Toronto Blue Jays batting - Pitching for Boston Red Sox : RHP J.P. France
|
|
Pitching: RHP J.P. France
|
|
|
Batting: LHB Gavin Lux
|
0-0: Foul Ball, location: 2F 0-1: Called Strike 0-2: Foul Ball, location: 7LSF 0-2: Fly out, F7 (Line Drive, 7, EV 94.4 MPH)
|
|
Batting: SHB Dylan Carlson
|
0-0: Swinging Strike 0-1: Swinging Strike 0-2: Ground out U3 (Groundball, 3L, EV 86.9 MPH)
|
|
Batting: RHB Wilmer Flores
|
0-0: Ball 1-0: Foul Ball, location: 2F 1-1: Ball 2-1: Foul Ball, location: 9LMF 2-2: Ball 3-2: SINGLE (Line Drive, 8RS, EV 107.5 MPH)
|
|
Batting: RHB Ke'Bryan Hayes
|
0-0: Called Strike 0-1: SINGLE (Flyball, 4MD, EV 96.3 MPH) Wilmer Flores to second
|
|
Batting: LHB James Outman
|
0-0: Called Strike 0-1: Swinging Strike 0-2: Foul Ball, location: 7LSF 0-2: Ball 1-2: Strikes out swinging
|
| Bottom of the 1st over - 0 runs, 2 hits, 0 errors, 2 left on base; Boston 2 - Toronto 0 |
| TOP OF THE 2ND |
|
Boston Red Sox batting - Pitching for Toronto Blue Jays : LHP Aaron Ashby
|
|
Batting: SHB Leody Taveras
|
0-0: Ball 1-0: DOUBLE (Flyball, 8RXD, EV 111.3 MPH)
|
|
Batting: RHB Javier Baez
|
0-0: Ball 1-0: Called Strike 1-1: Called Strike 1-2: Foul Ball, location: 2F 1-2: Ball 2-2: Strikes out swinging
|
|
Batting: LHB Alex Verdugo
|
0-0: Ball 1-0: Ball 2-0: Ball 3-0: Called Strike 3-1: Base on Balls
|
|
Pitching: RHP Michael Kopech
|
|
|
Batting: LHB Brendan Donovan
|
0-0: Called Strike 0-1: Ball 1-1: Ball 2-1: Foul Ball, location: 2F 2-2: SINGLE (Line Drive, 8LM, EV 97.5 MPH) Leody Taveras to third Alex Verdugo to second Runner from 3rd tries for Home, SAFE, throw by CF to home
|
|
Batting: SHB Jorge Polanco
|
0-0: Called Strike 0-1: Foul Ball, location: 5SF 0-2: 3-RUN HOME RUN (Flyball, 89XD, EV 99.4 MPH), Distance : 414 ft
|
|
Batting: RHB Mike Trout
|
0-0: Swinging Strike 0-1: Called Strike 0-2: Foul Ball, location: 3FF 0-2: Foul Ball, location: 2F 0-2: Fly out, F9 (Flyball, 9S, EV 91.3 MPH)
|
|
Batting: LHB Nolan Jones
|
0-0: Ball 1-0: Ball 2-0: Foul Ball, location: 23FF 2-1: Foul Ball, location: 5F 2-2: Ball 3-2: Foul Ball, location: 23FF 3-2: Base on Balls
|
|
Batting: RHB Sean Murphy
|
0-0: Fielders Choice at 2nd, 6-4 (Groundball, 56, EV 80.6 MPH)
|
| Top of the 2nd over - 4 runs, 3 hits, 0 errors, 1 left on base; Boston 6 - Toronto 0 |
| BOTTOM OF THE 2ND |
|
Toronto Blue Jays batting - Pitching for Boston Red Sox : RHP J.P. France
|
|
Batting: LHB Bryce Harper
|
0-0: Ball 1-0: Called Strike 1-1: Foul Ball, location: 5SF 1-2: SINGLE (Groundball, 4MD, EV 100.6 MPH)
|
|
Batting: LHB Will Benson
|
0-0: Fly out, F8 (Flyball, 8RS, EV 89.4 MPH)
|
|
Batting: RHB Miguel Amaya
|
0-0: SINGLE (Line Drive, 9LS, EV 105.0 MPH) Bryce Harper to second
|
|
Batting: LHB Max Muncy
|
0-0: Called Strike 0-1: Foul Ball, location: 7LMF 0-2: Fly out, F9 (Flyball, 89M, EV 92.5 MPH)
|
|
Batting: LHB Gavin Lux
|
0-0: Called Strike 0-1: DOUBLE (Groundball, 3L, EV 108.1 MPH) Bryce Harper scores Miguel Amaya to third
|
|
Batting: SHB Dylan Carlson
|
0-0: Called Strike 0-1: Ground out 4-3 (Groundball, 4, EV 88.8 MPH)
|
| Bottom of the 2nd over - 1 run, 3 hits, 0 errors, 2 left on base; Boston 6 - Toronto 1 |
| TOP OF THE 3RD |
|
Boston Red Sox batting - Pitching for Toronto Blue Jays : RHP Michael Kopech
|
|
Pitching: RHP Erik Swanson
|
|
|
Batting: RHB Spencer Torkelson
|
0-0: Called Strike 0-1: Ball 1-1: Ground out 6-3 (Groundball, 6, EV 93.8 MPH)
|
|
Batting: SHB Leody Taveras
|
0-0: Ball 1-0: Foul Ball, location: 2F 1-1: Ball 2-1: Foul Ball, location: 23F 2-2: Ball 3-2: Strikes out looking
|
|
Batting: RHB Javier Baez
|
0-0: Called Strike 0-1: Foul Ball, location: 7LMF 0-2: Ball 1-2: Strikes out swinging
|
| Top of the 3rd over - 0 runs, 0 hits, 0 errors, 0 left on base; Boston 6 - Toronto 1 |
| BOTTOM OF THE 3RD |
|
Toronto Blue Jays batting - Pitching for Boston Red Sox : RHP J.P. France
|
|
Batting: RHB Wilmer Flores
|
0-0: Ball 1-0: SOLO HOME RUN (Flyball, 89XD, EV 96.3 MPH), Distance : 366 ft
|
|
Batting: RHB Ke'Bryan Hayes
|
0-0: Ball 1-0: Foul Ball, location: 3F 1-1: Ball 2-1: Ground out 6-3 (Groundball, 6, EV 91.3 MPH)
|
|
Batting: LHB James Outman
|
0-0: Ball 1-0: Ball 2-0: Called Strike 2-1: Foul Ball, location: 3F 2-2: Ball 3-2: Strikes out swinging
|
|
Batting: LHB Bryce Harper
|
0-0: Ball 1-0: Ball 2-0: Called Strike 2-1: Fly out, F1 (Line Drive, P, EV 74.4 MPH)
|
| Bottom of the 3rd over - 1 run, 1 hit, 0 errors, 0 left on base; Boston 6 - Toronto 2 |
| TOP OF THE 4TH |
|
Boston Red Sox batting - Pitching for Toronto Blue Jays : RHP Erik Swanson
|
|
Pitching: RHP Nick Anderson
|
|
|
Batting: LHB Alex Verdugo
|
0-0: Foul Ball, location: 9LSF 0-1: SINGLE (Groundball, 34D, EV 96.9 MPH)
|
|
Pinch Hitting: RHB José Caballero
|
0-0: 2-RUN HOME RUN (Flyball, 89XD, EV 96.9 MPH), Distance : 379 ft
|
|
Pinch Hitting: SHB Vidal Brujan
|
0-0: Ball 1-0: Called Strike 1-1: Ball 2-1: Called Strike 2-2: Strikes out swinging
|
|
Pinch Hitting: LHB Taylor Trammell
|
0-0: Ball 1-0: Ground out U3 (Groundball, 34, EV 79.4 MPH)
|
|
Pinch Hitting: LHB Akil Baddoo
|
0-0: Called Strike 0-1: Fly out, F9 (Line Drive, 9LS, EV 88.1 MPH)
|
| Top of the 4th over - 2 runs, 2 hits, 0 errors, 0 left on base; Boston 8 - Toronto 2 |
| BOTTOM OF THE 4TH |
|
Toronto Blue Jays batting - Pitching for Boston Red Sox : RHP J.P. France
|
|
Pitching: RHP Ryne Nelson
|
|
|
Now at 2B: Vidal Brujan
|
|
|
Now at 3B: José Caballero
|
|
|
Now in LF: Akil Baddoo
|
|
|
Now in CF: Leody Taveras
|
|
|
Now in RF: Taylor Trammell
|
|
|
Batting: LHB Will Benson
|
0-0: Ball 1-0: Ball 2-0: Called Strike 2-1: Foul Ball, location: 7LSF 2-2: Ground out 4-3 (Groundball, 34, EV 102.5 MPH)
|
|
Batting: RHB Miguel Amaya
|
0-0: Swinging Strike 0-1: Ball 1-1: SINGLE (Groundball, 34D, EV 98.1 MPH)
|
|
Batting: LHB Max Muncy
|
0-0: Ball 1-0: Fly out, F7 (Flyball, 8LS, EV 92.5 MPH)
|
|
Pinch Hitting: RHB Owen Miller
|
0-0: Called Strike 0-1: Ball 1-1: Foul Ball, location: 9LSF 1-2: Ball 2-2: Strikes out swinging
|
| Bottom of the 4th over - 0 runs, 1 hit, 0 errors, 1 left on base; Boston 8 - Toronto 2 |
| TOP OF THE 5TH |
|
Boston Red Sox batting - Pitching for Toronto Blue Jays : RHP Nick Anderson
|
|
Pitching: LHP Brock Burke
|
|
|
Now at C: Willson Contreras
|
|
|
Now at 1B: Austin Shenton
|
|
|
Now at 2B: Owen Miller
|
|
|
Now at 3B: Ke'Bryan Hayes
|
|
|
Now at SS: Jared Triolo
|
|
|
Batting: RHB Sean Murphy
|
0-0: Ball 1-0: Called Strike 1-1: Ball 2-1: Foul Ball, location: 9LSF 2-2: Ball 3-2: Fly out, F9 (Flyball, 9D, EV 110.0 MPH)
|
|
Pinch Hitting: LHB Alex Kirilloff
|
0-0: Ball 1-0: Called Strike 1-1: Ground out 4-3 (Groundball, 34, EV 93.8 MPH)
|
|
Batting: SHB Leody Taveras
|
0-0: Called Strike 0-1: Ball 1-1: Ball 2-1: Swinging Strike 2-2: Foul Ball, location: 2F 2-2: Foul Ball, location: 2F 2-2: Foul Ball, location: 9LSF 2-2: SOLO HOME RUN (Flyball, 9LD, EV 92.5 MPH), Distance : 329 ft
|
|
Batting: RHB Javier Baez
|
0-0: Ball 1-0: Ball 2-0: Foul Ball, location: 23FF 2-1: Swinging Strike 2-2: Ball 3-2: Strikes out looking
|
| Top of the 5th over - 1 run, 1 hit, 0 errors, 0 left on base; Boston 9 - Toronto 2 |
| BOTTOM OF THE 5TH |
|
Toronto Blue Jays batting - Pitching for Boston Red Sox : RHP Ryne Nelson
|
|
Pitching: RHP Dylan Coleman
|
|
|
Now at C: Jake Rogers
|
|
|
Now at 1B: Alex Kirilloff
|
|
|
Pinch Hitting: RHB Wyatt Langford
|
0-0: Called Strike 0-1: Ball 1-1: Foul Ball, location: 5F 1-2: Ball 2-2: Ball 3-2: Strikes out swinging
|
|
Batting: RHB Willson Contreras
|
0-0: Swinging Strike 0-1: Ball 1-1: Ball 2-1: Ball 3-1: Foul Ball, location: 5F 3-2: Base on Balls
|
|
Pinch Hitting: SHB Xavier Edwards
|
0-0: Foul Ball, location: 7LDF 0-1: Foul Ball, location: 9LDF 0-2: Strikes out swinging
|
|
Pinch Hitting: RHB Zach Daniels
|
0-0: Ball 1-0: Called Strike 1-1: Ball 2-1: Foul Ball, location: 25F 2-2: Ball 3-2: Foul Ball, location: 25FF 3-2: Ground out 1-3 (Groundball, 13, EV 71.9 MPH)
|
| Bottom of the 5th over - 0 runs, 0 hits, 0 errors, 1 left on base; Boston 9 - Toronto 2 |
| TOP OF THE 6TH |
|
Boston Red Sox batting - Pitching for Toronto Blue Jays : LHP Brock Burke
|
|
Pitching: LHP Zack Thompson
|
|
|
Now at 3B: Jared Triolo
|
|
|
Now at SS: Xavier Edwards
|
|
|
Now in LF: Wyatt Langford
|
|
|
Now in CF: Zach Daniels
|
|
|
Batting: LHB Trevor Larnach
|
0-0: Ball 1-0: Foul Ball, location: 2F 1-1: Ground out 4-3 (Groundball, 34, EV 81.3 MPH)
|
|
Batting: RHB José Caballero
|
0-0: Foul Ball, location: 23F 0-1: Ball 1-1: Called Strike 1-2: Strikes out looking
|
|
Batting: SHB Vidal Brujan
|
0-0: Ball 1-0: Ball 2-0: Ball 3-0: Called Strike 3-1: Ground out U3 (Groundball, 34S, EV 90.6 MPH)
|
| Top of the 6th over - 0 runs, 0 hits, 0 errors, 0 left on base; Boston 9 - Toronto 2 |
| BOTTOM OF THE 6TH |
|
Toronto Blue Jays batting - Pitching for Boston Red Sox : RHP Dylan Coleman
|
|
Pitching: RHP John Schreiber
|
|
|
Pinch Hitting: RHB Jordan Walker
|
0-0: Ball 1-0: Fly out, F8 (Flyball, 8LXD, EV 104.4 MPH)
|
|
Batting: RHB Carter Kieboom
|
0-0: Foul Ball, location: 2F 0-1: Foul Ball, location: 3SF 0-2: Strikes out swinging
|
|
Batting: LHB Austin Shenton
|
0-0: Called Strike 0-1: Swinging Strike 0-2: Strikes out looking
|
| Bottom of the 6th over - 0 runs, 0 hits, 0 errors, 0 left on base; Boston 9 - Toronto 2 |
| TOP OF THE 7TH |
|
Boston Red Sox batting - Pitching for Toronto Blue Jays : LHP Zack Thompson
|
|
Pitching: LHP David Peterson
|
|
|
Now in RF: Jordan Walker
|
|
|
Batting: LHB Taylor Trammell
|
0-0: Called Strike 0-1: Ball 1-1: Foul Ball, location: 5DF 1-2: Strikes out swinging
|
|
Batting: LHB Akil Baddoo
|
0-0: Called Strike 0-1: Called Strike 0-2: Foul Ball, location: 9LSF 0-2: Foul Ball, location: 2F 0-2: Ball 1-2: Foul Ball, location: 2F 1-2: Foul Ball, location: 2F 1-2: Foul Ball, location: 7LSF 1-2: Ground out 1-3 (Groundball, 34S, EV 63.1 MPH)
|
|
Batting: RHB Jake Rogers
|
0-0: Ball 1-0: Called Strike 1-1: Foul Ball, location: 2F 1-2: Strikes out looking
|
| Top of the 7th over - 0 runs, 0 hits, 0 errors, 0 left on base; Boston 9 - Toronto 2 |
| BOTTOM OF THE 7TH |
|
Toronto Blue Jays batting - Pitching for Boston Red Sox : RHP John Schreiber
|
|
Pitching: RHP Alexis Diaz
|
|
|
Batting: RHB Jared Triolo
|
0-0: Ball 1-0: Ball 2-0: SINGLE (Line Drive, 6D, EV 103.8 MPH)
|
|
Batting: RHB Owen Miller
|
0-0: Called Strike Jared Triolo steals 2nd base (no throw) 0-1: Called Strike 0-2: Ball 1-2: Ball 2-2: Strikes out swinging
|
|
Batting: RHB Wyatt Langford
|
0-0: Fly out, F5 (Popup, 25F, EV 90.0 MPH)
|
|
Batting: RHB Willson Contreras
|
0-0: Foul Ball, location: 23F 0-1: Foul Ball, location: 2F 0-2: Foul Ball, location: 2F 0-2: Ball 1-2: Fly out, F7 (Line Drive, 5D, EV 66.3 MPH)
|
| Bottom of the 7th over - 0 runs, 1 hit, 0 errors, 1 left on base; Boston 9 - Toronto 2 |
| TOP OF THE 8TH |
|
Boston Red Sox batting - Pitching for Toronto Blue Jays : LHP David Peterson
|
|
Batting: LHB Alex Kirilloff
|
0-0: Foul Ball, location: 5FF 0-1: Ball 1-1: Swinging Strike 1-2: Strikes out swinging
|
|
Batting: SHB Leody Taveras
|
0-0: Foul Ball, location: 2F 0-1: Foul Ball, location: 9LSF 0-2: Strikes out swinging
|
|
Batting: RHB Javier Baez
|
0-0: Foul Ball, location: 3SF 0-1: Ball 1-1: Ball 2-1: Ball 3-1: Base on Balls
|
|
Batting: LHB Trevor Larnach
|
0-0: Called Strike 0-1: Ball 1-1: Ball Javier Baez steals 2nd base (no throw) 2-1: Ball 3-1: Fly out, F6 (Line Drive, 4MD, EV 68.1 MPH)
|
| Top of the 8th over - 0 runs, 0 hits, 0 errors, 1 left on base; Boston 9 - Toronto 2 |
| BOTTOM OF THE 8TH |
|
Toronto Blue Jays batting - Pitching for Boston Red Sox : RHP Alexis Diaz
|
|
Pitching: LHP Aroldis Chapman
|
|
|
Batting: SHB Xavier Edwards
|
0-0: Ball 1-0: Swinging Strike 1-1: Swinging Strike 1-2: Fly out, F7 (Line Drive, 7, EV 108.1 MPH)
|
|
Batting: RHB Zach Daniels
|
0-0: Ball 1-0: Swinging Strike 1-1: Foul Ball, location: 2RF 1-2: Ball 2-2: Foul Ball, location: 2F 2-2: Foul Ball, location: 23F 2-2: Strikes out swinging
|
|
Batting: RHB Jordan Walker
|
0-0: Swinging Strike 0-1: Ball 1-1: Foul Ball, location: 2F 1-2: Ball 2-2: Ball 3-2: Base on Balls
|
|
Batting: RHB Carter Kieboom
|
0-0: Called Strike 0-1: Foul Ball, location: 5SF 0-2: Fly out, F5 (Popup, 5SF, EV 80.0 MPH)
|
| Bottom of the 8th over - 0 runs, 0 hits, 0 errors, 1 left on base; Boston 9 - Toronto 2 |
| TOP OF THE 9TH |
|
Boston Red Sox batting - Pitching for Toronto Blue Jays : LHP David Peterson
|
|
Pitching: LHP Josh Hader
|
|
|
Batting: RHB José Caballero
|
0-0: Called Strike 0-1: Foul Ball, location: 3SF 0-2: Ball 1-2: Foul Ball, location: 3FF 1-2: Foul Ball, location: 7LSF 1-2: Ball 2-2: Strikes out swinging
|
|
Batting: SHB Vidal Brujan
|
0-0: Ball 1-0: Ball 2-0: Ball 3-0: Called Strike 3-1: Base on Balls
|
|
Batting: LHB Taylor Trammell
|
0-0: Swinging Strike 0-1: Called Strike 0-2: Ball 1-2: Ball 2-2: Strikes out swinging
|
|
Batting: LHB Akil Baddoo
|
0-0: Called Strike 0-1: Ball 1-1: Ball 2-1: Called Strike 2-2: Ball 3-2: Foul Ball, location: 2F 3-2: Strikes out swinging
|
| Top of the 9th over - 0 runs, 0 hits, 0 errors, 1 left on base; Boston 9 - Toronto 2 |
| BOTTOM OF THE 9TH |
|
Toronto Blue Jays batting - Pitching for Boston Red Sox : LHP Aroldis Chapman
|
|
Pitching: RHP Jimmy Herget
|
|
|
Batting: LHB Austin Shenton
|
0-0: Ball 1-0: Foul Ball, location: 23F 1-1: Ball 2-1: Ball 3-1: Foul Ball, location: 7LDF 3-2: Strikes out swinging, 2-3 out at first.
|
|
Batting: RHB Jared Triolo
|
0-0: Called Strike 0-1: Fly out, F6 (Line Drive, 6M, EV 70.6 MPH)
|
|
Batting: RHB Owen Miller
|
0-0: Swinging Strike 0-1: DOUBLE (Groundball, 5L, EV 103.8 MPH)
|
|
Batting: RHB Wyatt Langford
|
0-0: DOUBLE (Flyball, 89XD, EV 101.3 MPH) Owen Miller scores
|
|
Pinch Hitting: RHB Ronaldo Hernandez
|
0-0: Called Strike 0-1: Ball 1-1: Fly out, F6 (Popup, 6M, EV 67.5 MPH)
|
| Bottom of the 9th over - 1 run, 2 hits, 0 errors, 1 left on base; Boston 9 - Toronto 3 |
|